Seattle Thunderbirds vs Chicago Wolves

Created - 3 février 2020 at 21:19

Goals
1 2 3 T
Seattle Thunderbirds 1 6 1 8
Chicago Wolves 0 2 2 4
Shots
1 2 3 T
Seattle Thunderbirds 8 11 17 36
Chicago Wolves 9 17 8 34

1st period

1. Seattle Thunderbirds , Emil Pettersson 10 (Josh Leivo 42) at 12:38

Penalties :
Mitchell Stephens (WOL) for Fighting (Major) at 12:45, Steve Bernier (THU) for Fighting (Major) at 12:45, Mitchell Stephens (WOL) for instigated a fight (Minor) at 12:45, Mitchell Stephens (WOL) for instigated a fight (10 Minutes Misconduct) at 12:45

2nd period

2. Chicago Wolves , Adam Helewka 50 (Mitchell Stephens 45, Hudson Fasching 34) at 10:28 (PP)
3. Seattle Thunderbirds , Jacob Larsson 3 (Josh Leivo 43, Sam Carrick 44) at 11:08
4. Seattle Thunderbirds , Matt Read 25 (Logan Brown 20, Steve Bernier 39) at 12:03
5. Seattle Thunderbirds , Brooks Macek 18 (Stefan Noesen 32, Joey LaLeggia 9) at 18:09
6. Seattle Thunderbirds , Josh Leivo 27 (Steve Bernier 40, Sam Carrick 45) at 18:46 (PP)
7. Chicago Wolves , Mikhail Vorobyev 5 (Hudson Fasching 35, Mitchell Stephens 46) at 19:07
8. Seattle Thunderbirds , Steve Bernier 18 (Josh Leivo 44, Logan Brown 21) at 19:15
9. Seattle Thunderbirds , Logan Brown 11 (Josh Leivo 45) at 19:29 (PP)

Penalties :
Emil Pettersson (THU) for High sticking (Minor) at 1:08, Jacob MacDonald (THU) for Hooking (Minor) at 10:13, Wayne Simpson (WOL) for Fighting (Major) at 17:30, Jacob Larsson (THU) for Fighting (Major) at 17:30, Calle Rosen (WOL) for Holding (Minor) at 18:32, Adam Helewka (WOL) for Fighting (Major) at 19:03, Sam Carrick (THU) for Fighting (Major) at 19:03, Ian McCoshen (WOL) for Charging (Minor) at 19:22

3rd period

10. Seattle Thunderbirds , Steve Bernier 19 (Logan Brown 22, Josh Leivo 46) at 0:06
11. Chicago Wolves , Mitchell Stephens 20 (Saku Maenalanen 24, Joel L'Esperance 14) at 2:05
12. Chicago Wolves , Adam Helewka 51 (Mitchell Stephens 47) at 15:47

Penalties :
Cavan Fitzgerald (WOL) for Fighting (Major) at 8:36, Logan Stanley (THU) for Fighting (Major) at 8:36

Goalie Stats

John Muse (THU), 30 saves from 34 shots - (0,882), W, 8-3-1, 60:00 minutes
Dan Vladar (WOL), 27 saves from 31 shots - (0,871), 58:03 minutes
Unknown Goalie (WOL), 1 saves from 5 shots - (0,200), L, 0-1-0, 1:57 minutes

Players Stats for Seattle Thunderbirds

Player Name              G  A  P  +/- PIM S  H  SB GA TA FO     MP     PP MP  PK MP  
------------------------------------------------------------------------------------
Andrew Campbell          0  0  0   0  0   0  0  0  0  1  0/0     6:02   0:00   0:00 
Brooks Macek             1  0  1   1  0   5  0  1  1  0  0/0    17:56   0:41   0:00 
Emil Pettersson          1  0  1   0  2   2  2  1  0  0  4/5    12:49   0:33   0:00 
Jacob Larsson            1  0  1   1  5   2  3  0  0  0  0/0    22:33   1:16   1:32 
Jacob MacDonald          0  0  0   1  2   1  1  1  0  2  0/0    24:52   1:37   1:17 
Joey LaLeggia            0  1  1   0  0   0  0  1  0  1  0/0    18:04   0:43   0:42 
Josh Leivo               1  5  6   1  0   5  0  0  1  0  0/2    24:26   1:19   1:26 
Logan Brown              1  3  4   2  0   5  0  1  0  0  12/20  17:26   0:52   0:00 
Logan Stanley            0  0  0   0  5   0  0  0  0  0  0/0     4:45   0:00   0:00 
Matt Irwin               0  0  0   2  0   0  1  2  0  0  0/0    11:01   0:00   0:15 
Matt Read                1  0  1   1  0   3  0  0  0  0  0/0    15:01   0:00   0:27 
Matt Tennyson            0  0  0   2  0   0  0  0  0  0  0/0    10:46   0:00   0:00 
Peter Cehlarik           0  0  0   0  0   3  1  1  0  1  1/1    11:35   0:10   0:00 
Rob O'Gara               0  0  0   0  0   1  0  0  0  0  0/0     3:50   0:21   0:00 
Sam Carrick              0  2  2   0  5   0  0  0  1  0  10/18  13:04   1:18   0:18 
Stefan Noesen            0  1  1   1  0   1  1  0  1  1  1/3    19:51   0:51   0:47 
Steve Bernier            2  2  4   2  5   6  4  0  0  1  1/3    25:59   0:21   1:21 
T.J. Tynan               0  0  0   1  0   1  3  0  0  0  11/15  19:13   0:55   0:09 
Yannick Weber            0  0  0   0  0   1  1  1  0  1  0/0    18:27   0:43   0:42 

Players Stats for Chicago Wolves

Player Name              G  A  P  +/- PIM S  H  SB GA TA FO     MP     PP MP  PK MP  
------------------------------------------------------------------------------------
Aaron Ness               0  0  0   0  0   0  0  2  0  1  0/0    11:25   0:00   0:00 
Adam Helewka             2  0  2   0  5   12 2  1  0  1  0/2    22:48   1:26   1:11 
Adam Johnson             0  0  0  -2  0   3  3  1  0  0  1/1    18:43   0:48   0:11 
C.J. Smith               0  0  0  -2  0   5  0  0  1  0  0/10   19:14   0:48   0:51 
Calle Rosen              0  0  0   0  2   0  0  1  0  0  0/0    18:20   1:11   0:32 
Cavan Fitzgerald         0  0  0   0  5   0  1  0  0  0  0/0     5:34   0:00   0:00 
Doyle Somerby            0  0  0   0  0   0  1  1  0  0  0/0    11:32   0:00   0:07 
Hudson Fasching          0  2  2   0  0   1  3  1  0  1  3/4    26:57   1:26   1:18 
Ian McCoshen             0  0  0  -3  2   1  3  1  0  0  0/0    24:31   1:03   1:41 
Joel L'Esperance         0  1  1  -1  0   0  1  0  0  0  3/7    12:48   0:19   0:00 
Kevin Czuczman           0  0  0   0  0   0  0  0  0  0  0/0     5:35   0:00   0:00 
Lawrence Pilut           0  0  0   0  0   0  0  1  1  0  0/0    18:21   1:11   0:32 
Mikhail Vorobyev         1  0  1  -2  0   2  0  1  0  0  1/4    10:38   0:52   0:11 
Mitchell Stephens        1  3  4   1  17  4  3  0  2  0  19/31  13:56   0:15   0:00 
Morgan Klimchuk          0  0  0  -1  0   1  0  0  3  0  0/1    11:22   0:00   0:00 
Philippe Myers           0  0  0  -3  0   0  1  1  0  0  0/0    24:39   1:03   1:48 
Saku Maenalanen          0  1  1   0  0   1  0  0  0  0  0/0    12:15   0:00   0:58 
Travis Morin             0  0  0  -1  0   3  2  1  0  0  0/6    11:22   0:00   0:00 
Wayne Simpson            0  0  0  -1  5   1  1  0  1  1  0/1    17:34   0:48   0:00 

3 Stars

1 - Josh Leivo (THU)
2 - Logan Brown (THU)
3 - Steve Bernier (THU)

Power Play

Seattle Thunderbirds - 2 on 3 Attempt(s) - 66,67%
Chicago Wolves - 1 on 2 Attempt(s) - 50,00%

Penalty Kill

Seattle Thunderbirds - 1 on 2 Attempt(s) - 50,00% - Score 0 goal in Penalty Kill
Chicago Wolves - 1 on 3 Attempt(s) - 33,33% - Score 0 goal in Penalty Kill

Team Stat

Seattle Thunderbirds - Hits : 17 - Faceoff Wins : 40 - Blocked Shots : 9 - Penalty Minutes : 24
Chicago Wolves - Hits : 21 - Faceoff Wins : 27 - Blocked Shots : 12 - Penalty Minutes : 36

Official

Referees : Dean Morton and Evgeny Romasko
Linesman : Derek Amell and John Grandt

Game Notes

Mitchell Stephens beats up Steve Bernier at 12:45 of 1st period
Wayne Simpson beats up Jacob Larsson at 17:30 of 2nd period
Unknown Goalie enters game at 18:09 of 2nd period
Sam Carrick beats up Adam Helewka at 19:03 of 2nd period
Dan Vladar enters game at 0:06 of 3rd period
Logan Stanley beats up Cavan Fitzgerald at 8:36 of 3rd period

Finance

Level 1 -- Attendance: 1864 (93,20%) -- Ticket Income 46 600 $
Level 2 -- Attendance: 1000 (100,00%) -- Ticket Income 10 000 $
Total Attendance: 2864 (95,47%)
Total Ticket Income: 56 600 $
Other Income: 27 734 $
Total Income: 84 334 $

Seattle Thunderbirds

5 vs 5 Forward 
   Center                   Left Wing                Right Wing               Time % Phy DF OF 
 1 Sam Carrick              Josh Leivo               Steve Bernier            31     1   2  2  
 2 T.J. Tynan               Stefan Noesen            Brooks Macek             30     1   2  2  
 3 Logan Brown              Matt Read                Steve Bernier            29     1   2  2  
 4 Emil Pettersson          Peter Cehlarik           Josh Leivo               10     1   2  2  

5 vs 5 Defense 
   Defense                  Defense                                           Time % Phy DF OF 
 1 Jacob Larsson            Jacob MacDonald                                   40     1   2  2  
 2 Yannick Weber            Joey LaLeggia                                     30     1   2  2  
 3 Matt Irwin               Matt Tennyson                                     20     1   2  2  
 4 Andrew Campbell          Logan Stanley                                     10     1   2  2  

PowerPlay Forward 
   Center                   Left Wing                Right Wing               Time % Phy DF OF 
 1 Sam Carrick              Josh Leivo               Steve Bernier            60     1   2  2  
 2 T.J. Tynan               Stefan Noesen            Brooks Macek             40     1   2  2  

PowerPlay Defense
   Defense                  Defense                                           Time % Phy DF OF 
 1 Jacob Larsson            Jacob MacDonald                                   60     1   2  2  
 2 Yannick Weber            Joey LaLeggia                                     40     1   2  2  

Penalty Kill 4 Players Forward 
   Center                   Wing                     Time % Phy DF OF 
 1 Steve Bernier            Josh Leivo               60     1   2  2  
 2 Sam Carrick              Stefan Noesen            40     1   2  2  

Penalty Kill 4 Players Defense
   Defense                  Defense                  Time % Phy DF OF 
 1 Jacob Larsson            Jacob MacDonald          60     1   2  2  
 2 Yannick Weber            Joey LaLeggia            40     1   2  2  

Penalty Kill - 3 Players Forward 
   Forward                                           Time % Phy DF OF 
 1 Steve Bernier                                     60     1   2  2  
 2 Josh Leivo                                        40     1   2  2  

Penalty Kill - 3 Players Defense
   Defense                  Defense                  Time % Phy DF OF 
 1 Jacob Larsson            Jacob MacDonald          60     1   2  2  
 2 Yannick Weber            Joey LaLeggia            40     1   2  2  

4 vs 4 Forward 
   Center                   Wing                     Time % Phy DF OF 
 1 Steve Bernier            Josh Leivo               60     1   2  2  
 2 Sam Carrick              Stefan Noesen            40     1   2  2  

4 vs 4 Defense
   Defense                  Defense                  Time % Phy DF OF 
 1 Jacob Larsson            Jacob MacDonald          60     1   2  2  
 2 Yannick Weber            Joey LaLeggia            40     1   2  2  

Last Minutes Offensive
   Center                   Left Wing                Right Wing               Defense                  Defense                  
   Sam Carrick              Josh Leivo               Steve Bernier            Jacob Larsson            Jacob MacDonald          

Last Minutes Defensive
   Center                   Left Wing                Right Wing               Defense                  Defense                  
   Sam Carrick              Josh Leivo               Steve Bernier            Jacob Larsson            Jacob MacDonald          

Goaltenders
Starting : John Muse                
Backup : Mitch Gillam             

Extra Forwards
Normal : Logan Brown, Emil Pettersson, Matt Read - PP : Logan Brown, Emil Pettersson - PK : Matt Read
Extra Defensemen
Normal : Rob O'Gara, Matt Irwin, Matt Tennyson - PP : Rob O'Gara - PK : Matt Irwin, Matt Tennyson
Penalty Shots
Steve Bernier, Josh Leivo, Sam Carrick, Stefan Noesen, T.J. Tynan

Scratches
Brett Sutter (Healthy), Vincent LoVerde (Healthy), Rourke Chartier (Healthy), Landon Ferraro (Healthy), Hampus Gustafsson (Healthy)
Zane McIntyre (Healthy), Jake Paterson (Healthy)

Chicago Wolves

5 vs 5 Forward 
   Center                   Left Wing                Right Wing               Time % Phy DF OF 
 1 Mitchell Stephens        Adam Helewka             Hudson Fasching          40     1   2  2  
 2 C.J. Smith               Adam Johnson             Wayne Simpson            30     1   2  2  
 3 Joel L'Esperance         Saku Maenalanen          Hudson Fasching          20     1   2  2  
 4 Travis Morin             Morgan Klimchuk          Adam Helewka             10     1   2  2  

5 vs 5 Defense 
   Defense                  Defense                                           Time % Phy DF OF 
 1 Philippe Myers           Ian McCoshen                                      40     1   2  2  
 2 Lawrence Pilut           Calle Rosen                                       30     1   2  2  
 3 Aaron Ness               Doyle Somerby                                     20     1   2  2  
 4 Kevin Czuczman           Cavan Fitzgerald                                  10     1   2  2  

PowerPlay Forward 
   Center                   Left Wing                Right Wing               Time % Phy DF OF 
 1 Mitchell Stephens        Adam Helewka             Hudson Fasching          60     1   2  2  
 2 C.J. Smith               Adam Johnson             Wayne Simpson            40     1   2  2  

PowerPlay Defense
   Defense                  Defense                                           Time % Phy DF OF 
 1 Philippe Myers           Ian McCoshen                                      60     1   2  2  
 2 Lawrence Pilut           Calle Rosen                                       40     1   2  2  

Penalty Kill 4 Players Forward 
   Center                   Wing                     Time % Phy DF OF 
 1 Hudson Fasching          Adam Helewka             60     1   2  2  
 2 Mitchell Stephens        C.J. Smith               40     1   2  2  

Penalty Kill 4 Players Defense
   Defense                  Defense                  Time % Phy DF OF 
 1 Philippe Myers           Ian McCoshen             60     1   2  2  
 2 Lawrence Pilut           Calle Rosen              40     1   2  2  

Penalty Kill - 3 Players Forward 
   Forward                                           Time % Phy DF OF 
 1 Hudson Fasching                                   60     1   2  2  
 2 Adam Helewka                                      40     1   2  2  

Penalty Kill - 3 Players Defense
   Defense                  Defense                  Time % Phy DF OF 
 1 Philippe Myers           Ian McCoshen             60     1   2  2  
 2 Lawrence Pilut           Calle Rosen              40     1   2  2  

4 vs 4 Forward 
   Center                   Wing                     Time % Phy DF OF 
 1 Hudson Fasching          Adam Helewka             60     1   2  2  
 2 Mitchell Stephens        C.J. Smith               40     1   2  2  

4 vs 4 Defense
   Defense                  Defense                  Time % Phy DF OF 
 1 Philippe Myers           Ian McCoshen             60     1   2  2  
 2 Lawrence Pilut           Calle Rosen              40     1   2  2  

Last Minutes Offensive
   Center                   Left Wing                Right Wing               Defense                  Defense                  
   Mitchell Stephens        Adam Helewka             Hudson Fasching          Philippe Myers           Ian McCoshen             

Last Minutes Defensive
   Center                   Left Wing                Right Wing               Defense                  Defense                  
   Mitchell Stephens        Adam Helewka             Hudson Fasching          Philippe Myers           Ian McCoshen             

Goaltenders
Starting : Dan Vladar               
Backup : Unknown Goalie           

Extra Forwards
Normal : Mikhail Vorobyev, Joel L'Esperance, Saku Maenalanen - PP : Mikhail Vorobyev, Joel L'Esperance - PK : Saku Maenalanen
Extra Defensemen
Normal : Aaron Ness, Doyle Somerby, Kevin Czuczman - PP : Aaron Ness - PK : Doyle Somerby, Kevin Czuczman
Penalty Shots
Hudson Fasching, Adam Helewka, Mitchell Stephens, C.J. Smith, Wayne Simpson

Scratches
Ryan Lindgren (Healthy), Niklas Hansson (Healthy), Brent Pedersen (Healthy), Andrew Oglevie (Healthy), Matt Finn (Healthy)
Michael McNiven (Healthy)

% Time on Ice - Seattle Thunderbirds

Lines # - Real PCT - Wanted PCT - Time Play
Normal Forward
1 - 24% - 31% - 13:24
2 - 31% - 30% - 17:08
3 - 26% - 29% - 14:23
4 - 19% - 10% - 10:31
Normal Defense
1 - 40% - 40% - 21:59
2 - 30% - 30% - 16:39
3 - 19% - 20% - 10:46
4 - 11% - 10% - 6:02
PP Forward
1 - 71% - 60% - 1:39
2 - 29% - 40% - 0:41
PP Defense
1 - 69% - 60% - 1:37
2 - 31% - 40% - 0:43
PK Forward
1 - 87% - 60% - 1:56
2 - 13% - 40% - 0:18
PK Defense
1 - 69% - 60% - 1:32
2 - 31% - 40% - 0:42
PK3 Forward
1 - 0% - 60%
2 - 0% - 40%
PK3 Defense
1 - 0% - 60%
2 - 0% - 40%
44 Forward
1 - 0% - 60%
2 - 0% - 40%
44 Defense
1 - 0% - 60%
2 - 0% - 40%
Last Minute Offensive  - 0:00
Last Minute Defensive  - 0:00
Total
Forward - 60:00
Defense - 60:00

% Time on Ice - Chicago Wolves

Lines # - Real PCT - Wanted PCT - Time Play
Normal Forward
1 - 29% - 40% - 16:01
2 - 32% - 30% - 17:29
3 - 19% - 20% - 10:34
4 - 21% - 10% - 11:22
Normal Defense
1 - 39% - 40% - 21:48
2 - 30% - 30% - 16:38
3 - 21% - 20% - 11:25
4 - 10% - 10% - 5:35
PP Forward
1 - 64% - 60% - 1:26
2 - 36% - 40% - 0:48
PP Defense
1 - 47% - 60% - 1:03
2 - 53% - 40% - 1:11
PK Forward
1 - 74% - 60% - 1:43
2 - 26% - 40% - 0:37
PK Defense
1 - 77% - 60% - 1:48
2 - 23% - 40% - 0:32
PK3 Forward
1 - 0% - 60%
2 - 0% - 40%
PK3 Defense
1 - 0% - 60%
2 - 0% - 40%
44 Forward
1 - 0% - 60%
2 - 0% - 40%
44 Defense
1 - 0% - 60%
2 - 0% - 40%
Last Minute Offensive  - 0:00
Last Minute Defensive  - 0:00
Total
Forward - 60:00
Defense - 60:00

Play-by-Play

1st period


0:01 of 1st period - Mitchell Stephens wins face-off versus Sam Carrick in neutral zone.
0:30 of 1st period - Stefan Noesen is hit by Ian McCoshen and loses puck.
0:49 of 1st period - Wrist shot by Morgan Klimchuk.
0:49 of 1st period - Stopped by John Muse without a rebound.
0:50 of 1st period - Logan Brown wins face-off versus Travis Morin in Seattle Thunderbirds zone.
0:50 of 1st period - Logan Brown is hit by Adam Helewka.
0:58 of 1st period - Snap shot by Steve Bernier.
0:58 of 1st period - Shot Misses the Net.
1:21 of 1st period - Wrist shot by Peter Cehlarik.
1:21 of 1st period - Stopped by Dan Vladar with a rebound.
1:23 of 1st period - Slapshot by Emil Pettersson.
1:23 of 1st period - Shot Hit the Post.
2:26 of 1st period - Wrist shot by Brooks Macek.
2:26 of 1st period - Shot Misses the Net.
2:28 of 1st period - Wrist shot by Brooks Macek.
2:28 of 1st period - Stopped by Dan Vladar without a rebound.
2:29 of 1st period - Joel L'Esperance wins face-off versus T.J. Tynan in Chicago Wolves zone.
2:38 of 1st period - Matt Irwin is hit by Cavan Fitzgerald.
2:50 of 1st period - Snap shot by C.J. Smith.
2:50 of 1st period - Shot Blocked by Matt Irwin.
2:52 of 1st period - Snap shot by Adam Johnson.
2:52 of 1st period - Stopped by John Muse without a rebound.
2:53 of 1st period - Mitchell Stephens wins face-off versus Logan Brown in Seattle Thunderbirds zone.
2:56 of 1st period - Wrist shot by Adam Helewka.
2:56 of 1st period - Stopped by John Muse without a rebound.
2:57 of 1st period - Hudson Fasching wins face-off versus Sam Carrick in Seattle Thunderbirds zone.
3:48 of 1st period - Wrist shot by Morgan Klimchuk.
3:48 of 1st period - Shot Misses the Net.
3:50 of 1st period - Snap shot by Morgan Klimchuk.
3:50 of 1st period - Shot Blocked by Joey LaLeggia.
3:52 of 1st period - Slapshot by Travis Morin.
3:52 of 1st period - Stopped by John Muse without a rebound.
3:53 of 1st period - Emil Pettersson wins face-off versus C.J. Smith in Seattle Thunderbirds zone.
4:06 of 1st period - Snap shot by C.J. Smith.
4:06 of 1st period - Shot Misses the Net.
4:18 of 1st period - Brooks Macek is hit by Doyle Somerby and loses puck.
4:25 of 1st period - Slapshot by Yannick Weber.
4:25 of 1st period - Deflect By Hudson Fasching.
4:25 of 1st period - Stopped by Dan Vladar without a rebound.
4:26 of 1st period - Hudson Fasching wins face-off versus Sam Carrick in Chicago Wolves zone.
5:02 of 1st period - Wrist shot by T.J. Tynan.
5:02 of 1st period - Shot Misses the Net.
5:12 of 1st period - Hudson Fasching is hit by Steve Bernier and loses puck.
5:31 of 1st period - Ian McCoshen is hit by Jacob Larsson and loses puck.
5:36 of 1st period - Snap shot by Josh Leivo.
5:36 of 1st period - Shot Blocked by Adam Helewka.
5:38 of 1st period - Snap shot by Josh Leivo.
5:38 of 1st period - Stopped by Dan Vladar with a rebound.
5:40 of 1st period - Wrist shot by Jacob Larsson.
5:40 of 1st period - Stopped by Dan Vladar with a rebound.
5:52 of 1st period - Slapshot by T.J. Tynan.
5:52 of 1st period - Shot Blocked by Travis Morin.
6:28 of 1st period - Wrist shot by Josh Leivo.
6:28 of 1st period - Shot Hit the Post.
7:08 of 1st period - Jacob Larsson is hit by Adam Johnson.
8:48 of 1st period - Wrist shot by Morgan Klimchuk.
8:48 of 1st period - Deflect By Mikhail Vorobyev.
8:48 of 1st period - Shot Misses the Net.
8:48 of 1st period - Puck is out of play.
8:49 of 1st period - Sam Carrick wins face-off versus Morgan Klimchuk in Seattle Thunderbirds zone.
9:32 of 1st period - Wrist shot by Steve Bernier.
9:32 of 1st period - Shot Blocked by Hudson Fasching.
9:34 of 1st period - Snap shot by Logan Brown.
9:34 of 1st period - Stopped by Dan Vladar with a rebound.
10:18 of 1st period - Slapshot by Hudson Fasching.
10:18 of 1st period - Shot Misses the Net.
10:31 of 1st period - Off-side.
10:32 of 1st period - T.J. Tynan wins face-off versus C.J. Smith in neutral zone.
10:44 of 1st period - Wrist shot by Adam Johnson.
10:44 of 1st period - Shot Misses the Net.
10:46 of 1st period - Wrist shot by Wayne Simpson.
10:46 of 1st period - Stopped by John Muse without a rebound.
10:47 of 1st period - Mitchell Stephens wins face-off versus Logan Brown in Seattle Thunderbirds zone.
11:18 of 1st period - Jacob MacDonald is hit by Wayne Simpson and loses puck.
11:23 of 1st period - Slapshot by C.J. Smith.
11:23 of 1st period - Stopped by John Muse without a rebound.
11:24 of 1st period - Sam Carrick wins face-off versus Mitchell Stephens in Seattle Thunderbirds zone.
11:35 of 1st period - Snap shot by Sam Carrick.
11:35 of 1st period - Shot Misses the Net.
11:37 of 1st period - Snap shot by Josh Leivo.
11:37 of 1st period - Shot Misses the Net.
11:49 of 1st period - Brooks Macek is hit by Adam Johnson and loses puck.
12:14 of 1st period - Logan Brown is hit by Hudson Fasching and loses puck.
12:36 of 1st period - Wrist shot by Josh Leivo.
12:36 of 1st period - Stopped by Dan Vladar with a rebound.
12:38 of 1st period - Snap shot by Emil Pettersson.
12:38 of 1st period - Goal by Emil Pettersson - Seattle Thunderbirds : 1 - Chicago Wolves : 0.
12:39 of 1st period - Sam Carrick wins face-off versus Mitchell Stephens in neutral zone.
12:45 of 1st period - Mitchell Stephens beats up Steve Bernier.
12:45 of 1st period - Penalty to Mitchell Stephens for Fighting.
12:45 of 1st period - Penalty to Steve Bernier for Fighting.
12:45 of 1st period - Penalty to Mitchell Stephens for instigated a fight.
12:45 of 1st period - Penalty to Mitchell Stephens for instigated a fight.
12:46 of 1st period - Hudson Fasching wins face-off versus Josh Leivo in neutral zone.
12:57 of 1st period - Snap shot by Adam Helewka.
12:57 of 1st period - Shot Misses the Net.
13:17 of 1st period - Snap shot by Brooks Macek.
13:17 of 1st period - Shot Blocked by Ian McCoshen.
14:26 of 1st period - Saku Maenalanen is hit by Jacob MacDonald and loses puck.
14:37 of 1st period - Wrist shot by C.J. Smith.
14:37 of 1st period - Stopped by John Muse with a rebound.
14:45 of 1st period - Penalty to Mitchell Stephens is over, Hudson Fasching is send on ice.
16:00 of 1st period - Off-side.
16:01 of 1st period - T.J. Tynan wins face-off versus Joel L'Esperance in neutral zone.
18:17 of 1st period - Slapshot by Adam Johnson.
18:17 of 1st period - Shot Blocked by Peter Cehlarik.
18:53 of 1st period - Philippe Myers is hit by Stefan Noesen and loses puck.
19:23 of 1st period - Snap shot by C.J. Smith.
19:23 of 1st period - Stopped by John Muse without a rebound.
19:24 of 1st period - Peter Cehlarik wins face-off versus C.J. Smith in Seattle Thunderbirds zone.
19:38 of 1st period - Snap shot by C.J. Smith.
19:38 of 1st period - Stopped by John Muse without a rebound.
19:39 of 1st period - Mikhail Vorobyev wins face-off versus Stefan Noesen in Seattle Thunderbirds zone.
Goals for this period are 1 for Seattle Thunderbirds vs 0 for Chicago Wolves.
Shots for this period are 8 for Seattle Thunderbirds vs 9 for Chicago Wolves.

2nd period


0:01 of 2nd period - Sam Carrick wins face-off versus Mikhail Vorobyev in neutral zone.
0:35 of 2nd period - Snap shot by Adam Johnson.
0:35 of 2nd period - Stopped by John Muse with a rebound.
0:51 of 2nd period - Slapshot by Joel L'Esperance.
0:51 of 2nd period - Shot Blocked by Logan Brown.
0:53 of 2nd period - Wrist shot by Saku Maenalanen.
0:53 of 2nd period - Shot Misses the Net.
0:55 of 2nd period - Snap shot by Hudson Fasching.
0:55 of 2nd period - Stopped by John Muse with a rebound.
1:08 of 2nd period - Minor Penalty to Emil Pettersson for High sticking.
1:09 of 2nd period - Steve Bernier wins face-off versus Mikhail Vorobyev in Seattle Thunderbirds zone.
1:21 of 2nd period - Josh Leivo is hit by Hudson Fasching and loses puck.
1:46 of 2nd period - Wrist shot by Adam Helewka.
1:46 of 2nd period - Stopped by John Muse without a rebound.
1:47 of 2nd period - Sam Carrick wins face-off versus Adam Helewka in Seattle Thunderbirds zone.
3:08 of 2nd period - Penalty to Emil Pettersson is over, Emil Pettersson is back on ice.
3:22 of 2nd period - Joel L'Esperance is hit by Yannick Weber and loses puck.
5:02 of 2nd period - Icing by Hudson Fasching.
5:03 of 2nd period - Emil Pettersson wins face-off versus Travis Morin in Chicago Wolves zone.
5:04 of 2nd period - Snap shot by Peter Cehlarik.
5:04 of 2nd period - Stopped by Dan Vladar with a rebound.
6:04 of 2nd period - Snap shot by Logan Brown.
6:04 of 2nd period - Stopped by Dan Vladar without a rebound.
6:05 of 2nd period - Logan Brown wins face-off versus Travis Morin in Chicago Wolves zone.
6:13 of 2nd period - Wrist shot by Matt Read.
6:13 of 2nd period - Shot Misses the Net.
6:15 of 2nd period - Snap shot by Logan Brown.
6:15 of 2nd period - Shot Blocked by Doyle Somerby.
6:27 of 2nd period - Slapshot by Peter Cehlarik.
6:27 of 2nd period - Stopped by Dan Vladar without a rebound.
6:28 of 2nd period - Joel L'Esperance wins face-off versus Emil Pettersson in Chicago Wolves zone.
6:28 of 2nd period - Joel L'Esperance is hit by Emil Pettersson.
6:54 of 2nd period - Adam Johnson is hit by Jacob Larsson and loses puck.
7:45 of 2nd period - 10 Minutes Misconduct Penalty to Mitchell Stephens is over.
8:49 of 2nd period - Icing by Steve Bernier.
8:50 of 2nd period - T.J. Tynan wins face-off versus Travis Morin in Seattle Thunderbirds zone.
9:13 of 2nd period - Snap shot by Adam Johnson.
9:13 of 2nd period - Deflect By C.J. Smith.
9:13 of 2nd period - Stopped by John Muse without a rebound.
9:14 of 2nd period - Logan Brown wins face-off versus C.J. Smith in Seattle Thunderbirds zone.
9:37 of 2nd period - Brooks Macek is hit by Ian McCoshen.
9:43 of 2nd period - Wrist shot by Brooks Macek.
9:43 of 2nd period - Stopped by Dan Vladar without a rebound.
9:44 of 2nd period - Sam Carrick wins face-off versus Mitchell Stephens in Chicago Wolves zone.
10:13 of 2nd period - Minor Penalty to Jacob MacDonald for Hooking.
10:14 of 2nd period - Mitchell Stephens wins face-off versus Josh Leivo in Seattle Thunderbirds zone.
10:14 of 2nd period - Slapshot by Adam Helewka.
10:14 of 2nd period - Stopped by John Muse with a rebound.
10:16 of 2nd period - Snap shot by Mitchell Stephens.
10:16 of 2nd period - Shot Blocked by Matt Irwin.
10:20 of 2nd period - Wrist shot by Adam Helewka.
10:20 of 2nd period - Stopped by John Muse without a rebound.
10:21 of 2nd period - Mitchell Stephens wins face-off versus Steve Bernier in Seattle Thunderbirds zone.
10:28 of 2nd period - Slapshot by Adam Helewka.
10:28 of 2nd period - Goal by Adam Helewka - Seattle Thunderbirds : 1 - Chicago Wolves : 1.
10:29 of 2nd period - Sam Carrick wins face-off versus Mitchell Stephens in neutral zone.
11:04 of 2nd period - Slapshot by Josh Leivo.
11:04 of 2nd period - Shot Blocked by Calle Rosen.
11:06 of 2nd period - Snap shot by Josh Leivo.
11:06 of 2nd period - Shot Misses the Net.
11:08 of 2nd period - Slapshot by Jacob Larsson.
11:08 of 2nd period - Goal by Jacob Larsson - Seattle Thunderbirds : 2 - Chicago Wolves : 1.
11:09 of 2nd period - Mitchell Stephens wins face-off versus T.J. Tynan in neutral zone.
11:41 of 2nd period - Wrist shot by Adam Johnson.
11:41 of 2nd period - Shot Blocked by Jacob MacDonald.
11:43 of 2nd period - Slapshot by C.J. Smith.
11:43 of 2nd period - Shot Misses the Net.
12:01 of 2nd period - Wrist shot by Logan Brown.
12:01 of 2nd period - Shot Misses the Net.
12:03 of 2nd period - Wrist shot by Matt Read.
12:03 of 2nd period - Goal by Matt Read - Seattle Thunderbirds : 3 - Chicago Wolves : 1.
12:04 of 2nd period - Mitchell Stephens wins face-off versus Sam Carrick in neutral zone.
12:07 of 2nd period - Snap shot by Mitchell Stephens.
12:07 of 2nd period - Shot Misses the Net.
12:13 of 2nd period - Slapshot by Mitchell Stephens.
12:13 of 2nd period - Stopped by John Muse without a rebound.
12:14 of 2nd period - Mitchell Stephens wins face-off versus Sam Carrick in Seattle Thunderbirds zone.
12:19 of 2nd period - Slapshot by Adam Helewka.
12:19 of 2nd period - Shot Blocked by Yannick Weber.
12:25 of 2nd period - Hudson Fasching is hit by Steve Bernier and loses puck.
12:34 of 2nd period - Slapshot by Josh Leivo.
12:34 of 2nd period - Deflect By Sam Carrick.
12:34 of 2nd period - Shot Misses the Net.
12:34 of 2nd period - Puck is out of play.
12:35 of 2nd period - T.J. Tynan wins face-off versus C.J. Smith in Chicago Wolves zone.
13:28 of 2nd period - Saku Maenalanen is hit by Steve Bernier.
13:54 of 2nd period - Wayne Simpson is hit by Matt Irwin and loses puck.
14:09 of 2nd period - Snap shot by Travis Morin.
14:09 of 2nd period - Stopped by John Muse with a rebound.
14:11 of 2nd period - Wrist shot by Adam Helewka.
14:11 of 2nd period - Stopped by John Muse with a rebound.
14:13 of 2nd period - Snap shot by Travis Morin.
14:13 of 2nd period - Stopped by John Muse with a rebound.
14:42 of 2nd period - Icing by Doyle Somerby.
14:43 of 2nd period - T.J. Tynan wins face-off versus Mitchell Stephens in Chicago Wolves zone.
15:11 of 2nd period - T.J. Tynan is hit by Mitchell Stephens and loses puck.
15:18 of 2nd period - Snap shot by Mitchell Stephens.
15:18 of 2nd period - Deflect By Adam Helewka.
15:18 of 2nd period - Stopped by John Muse without a rebound.
15:19 of 2nd period - Sam Carrick wins face-off versus Joel L'Esperance in Seattle Thunderbirds zone.
15:56 of 2nd period - Wayne Simpson is hit by Steve Bernier.
16:08 of 2nd period - Stefan Noesen is hit by Travis Morin and loses puck.
16:20 of 2nd period - Off-side.
16:21 of 2nd period - Joel L'Esperance wins face-off versus Logan Brown in neutral zone.
16:30 of 2nd period - Snap shot by Hudson Fasching.
16:30 of 2nd period - Shot Blocked by Emil Pettersson.
16:46 of 2nd period - Wayne Simpson is hit by T.J. Tynan and loses puck.
17:13 of 2nd period - Mitchell Stephens is hit by Emil Pettersson and loses puck.
17:17 of 2nd period - Icing by Kevin Czuczman.
17:18 of 2nd period - Logan Brown wins face-off versus Mitchell Stephens in Chicago Wolves zone.
17:25 of 2nd period - Snap shot by Adam Helewka.
17:25 of 2nd period - Stopped by John Muse with a rebound.
17:27 of 2nd period - Slapshot by Ian McCoshen.
17:27 of 2nd period - Stopped by John Muse without a rebound.
17:28 of 2nd period - Logan Brown wins face-off versus C.J. Smith in Seattle Thunderbirds zone.
17:30 of 2nd period - Wayne Simpson beats up Jacob Larsson.
17:30 of 2nd period - Penalty to Wayne Simpson for Fighting.
17:30 of 2nd period - Penalty to Jacob Larsson for Fighting.
17:31 of 2nd period - Mitchell Stephens wins face-off versus Sam Carrick in neutral zone.
17:38 of 2nd period - Sam Carrick is hit by Mitchell Stephens and loses puck.
17:46 of 2nd period - Slapshot by Adam Helewka.
17:46 of 2nd period - Stopped by John Muse with a rebound.
17:56 of 2nd period - C.J. Smith is hit by T.J. Tynan and loses puck.
18:05 of 2nd period - Slapshot by Brooks Macek.
18:05 of 2nd period - Shot Misses the Net.
18:07 of 2nd period - Wrist shot by Stefan Noesen.
18:07 of 2nd period - Shot Blocked by Adam Johnson.
18:09 of 2nd period - Wrist shot by Brooks Macek.
18:09 of 2nd period - Goal by Brooks Macek - Seattle Thunderbirds : 4 - Chicago Wolves : 1.
18:09 of 2nd period - Unknown Goalie enters game.
18:10 of 2nd period - Mitchell Stephens wins face-off versus Sam Carrick in neutral zone.
18:26 of 2nd period - Slapshot by Josh Leivo.
18:26 of 2nd period - Stopped by Unknown Goalie with a rebound.
18:32 of 2nd period - Minor Penalty to Calle Rosen for Holding.
18:33 of 2nd period - Sam Carrick wins face-off versus Adam Helewka in Chicago Wolves zone.
18:44 of 2nd period - Snap shot by Steve Bernier.
18:44 of 2nd period - Shot Misses the Net.
18:46 of 2nd period - Wrist shot by Josh Leivo.
18:46 of 2nd period - Goal by Josh Leivo - Seattle Thunderbirds : 5 - Chicago Wolves : 1.
18:47 of 2nd period - Mitchell Stephens wins face-off versus Steve Bernier in neutral zone.
19:03 of 2nd period - Sam Carrick beats up Adam Helewka.
19:03 of 2nd period - Penalty to Adam Helewka for Fighting.
19:03 of 2nd period - Penalty to Sam Carrick for Fighting.
19:04 of 2nd period - Mitchell Stephens wins face-off versus Logan Brown in Seattle Thunderbirds zone.
19:07 of 2nd period - Snap shot by Mikhail Vorobyev.
19:07 of 2nd period - Goal by Mikhail Vorobyev - Seattle Thunderbirds : 5 - Chicago Wolves : 2.
19:08 of 2nd period - Logan Brown wins face-off versus Mitchell Stephens in neutral zone.
19:15 of 2nd period - Snap shot by Steve Bernier.
19:15 of 2nd period - Goal by Steve Bernier - Seattle Thunderbirds : 6 - Chicago Wolves : 2.
19:16 of 2nd period - Logan Brown wins face-off versus Mikhail Vorobyev in neutral zone.
19:22 of 2nd period - Minor Penalty to Ian McCoshen for Charging.
19:23 of 2nd period - Logan Brown wins face-off versus Hudson Fasching in Chicago Wolves zone.
19:29 of 2nd period - Snap shot by Logan Brown.
19:29 of 2nd period - Goal by Logan Brown - Seattle Thunderbirds : 7 - Chicago Wolves : 2.
19:30 of 2nd period - Logan Brown wins face-off versus Mitchell Stephens in neutral zone.
19:41 of 2nd period - Slapshot by Ian McCoshen.
19:41 of 2nd period - Shot Misses the Net.
19:43 of 2nd period - Wrist shot by Mitchell Stephens.
19:43 of 2nd period - Stopped by John Muse without a rebound.
19:44 of 2nd period - Mitchell Stephens wins face-off versus Logan Brown in Seattle Thunderbirds zone.
Goals for this period are 6 for Seattle Thunderbirds vs 2 for Chicago Wolves.
Shots for this period are 11 for Seattle Thunderbirds vs 17 for Chicago Wolves.

3rd period


0:01 of 3rd period - Logan Brown wins face-off versus Mitchell Stephens in neutral zone.
0:04 of 3rd period - Slapshot by Logan Brown.
0:04 of 3rd period - Shot Misses the Net.
0:06 of 3rd period - Wrist shot by Steve Bernier.
0:06 of 3rd period - Goal by Steve Bernier - Seattle Thunderbirds : 8 - Chicago Wolves : 2.
0:06 of 3rd period - Dan Vladar enters game.
0:07 of 3rd period - Mitchell Stephens wins face-off versus Logan Brown in neutral zone.
0:20 of 3rd period - Slapshot by Steve Bernier.
0:20 of 3rd period - Stopped by Dan Vladar without a rebound.
0:21 of 3rd period - Logan Brown wins face-off versus Mitchell Stephens in Chicago Wolves zone.
0:28 of 3rd period - Slapshot by Logan Brown.
0:28 of 3rd period - Stopped by Dan Vladar with a rebound.
0:30 of 3rd period - Snap shot by Logan Brown.
0:30 of 3rd period - Stopped by Dan Vladar without a rebound.
0:31 of 3rd period - Mitchell Stephens wins face-off versus Logan Brown in Chicago Wolves zone.
1:04 of 3rd period - Icing by Ian McCoshen.
1:05 of 3rd period - T.J. Tynan wins face-off versus Mitchell Stephens in Chicago Wolves zone.
1:12 of 3rd period - Snap shot by Stefan Noesen.
1:12 of 3rd period - Stopped by Dan Vladar without a rebound.
1:13 of 3rd period - T.J. Tynan wins face-off versus C.J. Smith in Chicago Wolves zone.
1:14 of 3rd period - Wrist shot by Brooks Macek.
1:14 of 3rd period - Shot Misses the Net.
1:20 of 3rd period - Slapshot by Calle Rosen.
1:20 of 3rd period - Shot Misses the Net.
2:01 of 3rd period - Wrist shot by Saku Maenalanen.
2:01 of 3rd period - Stopped by John Muse with a rebound.
2:03 of 3rd period - Snap shot by Mitchell Stephens.
2:03 of 3rd period - Shot Misses the Net.
2:05 of 3rd period - Wrist shot by Mitchell Stephens.
2:05 of 3rd period - Goal by Mitchell Stephens - Seattle Thunderbirds : 8 - Chicago Wolves : 3.
2:06 of 3rd period - Mitchell Stephens wins face-off versus Logan Brown in neutral zone.
2:17 of 3rd period - Slapshot by Matt Read.
2:17 of 3rd period - Shot Misses the Net.
2:19 of 3rd period - Slapshot by Jacob MacDonald.
2:19 of 3rd period - Deflect By Mitchell Stephens.
2:19 of 3rd period - Stopped by Dan Vladar with a rebound.
2:21 of 3rd period - Snap shot by Matt Read.
2:21 of 3rd period - Stopped by Dan Vladar without a rebound.
2:22 of 3rd period - Stefan Noesen wins face-off versus C.J. Smith in Chicago Wolves zone.
2:23 of 3rd period - Snap shot by T.J. Tynan.
2:23 of 3rd period - Stopped by Dan Vladar with a rebound.
2:25 of 3rd period - Wrist shot by Joey LaLeggia.
2:25 of 3rd period - Shot Blocked by Aaron Ness.
2:27 of 3rd period - Slapshot by Yannick Weber.
2:27 of 3rd period - Shot Blocked by Aaron Ness.
2:29 of 3rd period - Slapshot by Yannick Weber.
2:29 of 3rd period - Shot Misses the Net.
2:31 of 3rd period - Snap shot by Joey LaLeggia.
2:31 of 3rd period - Shot Blocked by Mikhail Vorobyev.
2:47 of 3rd period - Josh Leivo is hit by Mitchell Stephens and loses puck.
3:07 of 3rd period - Wrist shot by Mikhail Vorobyev.
3:07 of 3rd period - Stopped by John Muse without a rebound.
3:08 of 3rd period - Emil Pettersson wins face-off versus Travis Morin in Seattle Thunderbirds zone.
3:08 of 3rd period - Emil Pettersson is hit by Travis Morin.
3:20 of 3rd period - Matt Tennyson is hit by Ian McCoshen and loses puck.
3:31 of 3rd period - Steve Bernier is hit by Hudson Fasching and loses puck.
4:24 of 3rd period - Slapshot by Travis Morin.
4:24 of 3rd period - Shot Misses the Net.
4:26 of 3rd period - Snap shot by Morgan Klimchuk.
4:26 of 3rd period - Shot Misses the Net.
5:01 of 3rd period - Wrist shot by Wayne Simpson.
5:01 of 3rd period - Shot Misses the Net.
5:15 of 3rd period - Slapshot by Mitchell Stephens.
5:15 of 3rd period - Stopped by John Muse with a rebound.
8:18 of 3rd period - Peter Cehlarik is hit by Adam Johnson and loses puck.
8:36 of 3rd period - Logan Stanley beats up Cavan Fitzgerald.
8:36 of 3rd period - Penalty to Cavan Fitzgerald for Fighting.
8:36 of 3rd period - Penalty to Logan Stanley for Fighting.
8:37 of 3rd period - Adam Johnson wins face-off versus Stefan Noesen in neutral zone.
9:23 of 3rd period - Slapshot by Matt Read.
9:23 of 3rd period - Shot Blocked by Lawrence Pilut.
9:41 of 3rd period - Snap shot by Brooks Macek.
9:41 of 3rd period - Stopped by Dan Vladar without a rebound.
9:42 of 3rd period - T.J. Tynan wins face-off versus C.J. Smith in Chicago Wolves zone.
10:14 of 3rd period - Snap shot by Emil Pettersson.
10:14 of 3rd period - Stopped by Dan Vladar with a rebound.
10:32 of 3rd period - Snap shot by Adam Helewka.
10:32 of 3rd period - Shot Misses the Net.
10:39 of 3rd period - Icing by Steve Bernier.
10:40 of 3rd period - Logan Brown wins face-off versus Wayne Simpson in Seattle Thunderbirds zone.
10:55 of 3rd period - Snap shot by Steve Bernier.
10:55 of 3rd period - Stopped by Dan Vladar with a rebound.
10:57 of 3rd period - Slapshot by Matt Read.
10:57 of 3rd period - Shot Blocked by Philippe Myers.
10:59 of 3rd period - Snap shot by Steve Bernier.
10:59 of 3rd period - Stopped by Dan Vladar with a rebound.
11:01 of 3rd period - Wrist shot by Rob O'Gara.
11:01 of 3rd period - Deflect By Wayne Simpson.
11:01 of 3rd period - Stopped by Dan Vladar without a rebound.
11:02 of 3rd period - T.J. Tynan wins face-off versus Joel L'Esperance in Chicago Wolves zone.
11:11 of 3rd period - Jacob Larsson is hit by Joel L'Esperance and loses puck.
11:26 of 3rd period - Adam Johnson is hit by Jacob Larsson.
11:32 of 3rd period - Snap shot by Steve Bernier.
11:32 of 3rd period - Stopped by Dan Vladar without a rebound.
11:33 of 3rd period - Mitchell Stephens wins face-off versus T.J. Tynan in Chicago Wolves zone.
11:42 of 3rd period - Snap shot by Brooks Macek.
11:42 of 3rd period - Stopped by Dan Vladar with a rebound.
11:44 of 3rd period - Wrist shot by Stefan Noesen.
11:44 of 3rd period - Shot Misses the Net.
12:00 of 3rd period - Steve Bernier is hit by Philippe Myers and loses puck.
12:25 of 3rd period - Wrist shot by Josh Leivo.
12:25 of 3rd period - Stopped by Dan Vladar with a rebound.
12:37 of 3rd period - Slapshot by Joel L'Esperance.
12:37 of 3rd period - Shot Misses the Net.
12:49 of 3rd period - Morgan Klimchuk is hit by T.J. Tynan and loses puck.
13:45 of 3rd period - Icing by Calle Rosen.
13:46 of 3rd period - T.J. Tynan wins face-off versus Joel L'Esperance in Chicago Wolves zone.
13:47 of 3rd period - Slapshot by Stefan Noesen.
13:47 of 3rd period - Deflect By Matt Read.
13:47 of 3rd period - Stopped by Dan Vladar with a rebound.
14:16 of 3rd period - Snap shot by Adam Johnson.
14:16 of 3rd period - Deflect By Peter Cehlarik.
14:16 of 3rd period - Shot Misses the Net.
14:16 of 3rd period - Puck is out of play.
14:17 of 3rd period - Mitchell Stephens wins face-off versus T.J. Tynan in Seattle Thunderbirds zone.
14:18 of 3rd period - Snap shot by Adam Helewka.
14:18 of 3rd period - Stopped by John Muse with a rebound.
15:21 of 3rd period - Josh Leivo is hit by Adam Helewka and loses puck.
15:28 of 3rd period - Wrist shot by Adam Helewka.
15:28 of 3rd period - Stopped by John Muse without a rebound.
15:29 of 3rd period - T.J. Tynan wins face-off versus C.J. Smith in Seattle Thunderbirds zone.
15:45 of 3rd period - Snap shot by C.J. Smith.
15:45 of 3rd period - Deflect By Adam Johnson.
15:45 of 3rd period - Stopped by John Muse without a rebound.
15:46 of 3rd period - Mitchell Stephens wins face-off versus Sam Carrick in Seattle Thunderbirds zone.
15:47 of 3rd period - Snap shot by Adam Helewka.
15:47 of 3rd period - Goal by Adam Helewka - Seattle Thunderbirds : 8 - Chicago Wolves : 4.
15:48 of 3rd period - Sam Carrick wins face-off versus Mitchell Stephens in neutral zone.
18:10 of 3rd period - Saku Maenalanen is hit by Peter Cehlarik and loses puck.
19:13 of 3rd period - Wrist shot by Morgan Klimchuk.
19:13 of 3rd period - Deflect By Mikhail Vorobyev.
19:13 of 3rd period - Shot Misses the Net.
19:13 of 3rd period - Puck is out of play.
19:14 of 3rd period - Emil Pettersson wins face-off versus Travis Morin in Seattle Thunderbirds zone.
19:46 of 3rd period - Wrist shot by Joel L'Esperance.
19:46 of 3rd period - Shot Blocked by Brooks Macek.
Goals for this period are 1 for Seattle Thunderbirds vs 2 for Chicago Wolves.
Shots for this period are 17 for Seattle Thunderbirds vs 8 for Chicago Wolves. Output by the SimonT Hockey Simulator (STHS) for Eric Tremblay - Original Page W3C HTML5 Valid
Hockey Simulator - Hockey Simulation - Hockey Manager